 Dungeon Crawl Stone Soup version 0.15-a0-1004-gbf4e2e6 (webtiles) character file.

31 Quh the Magician (level 3, -4/20 HPs)
             Began as a Deep Elf Wizard on May 25, 2014.
             Slain by an orc wizard
             ... wielding a +0,+0 dagger
              (5 damage)
             ... on Level 3 of the Dungeon.
             The game lasted 00:07:05 (2179 turns).

Quh the Magician (Deep Elf Wizard)                  Turns: 2179, Time: 00:07:06

HP  -4/20        AC  2     Str  5      XL: 3   Next:  7%
MP  11/13        EV 12     Int 22      God:
Gold 92          SH  0     Dex 13      Spells:  4 memorised,  4 levels left

rFire  . . .     SeeInvis .     k - +1 dagger (elec)
rCold  . . .     Clarity  .     a - +0 robe
rNeg   . . .     Conserve .     (no shield)
rPois  .         rCorr    .     b - +0 hat
rElec  .         rRot     .     (no cloak)
SustAb .         Spirit   .     (no gloves)
rMut   .         Warding  .     (no boots)
Gourm  .         Stasis   .     (no amulet)
MR     .....                    (no ring)
                                (no ring)

@: confused, not resistant to hostile enchantments, very unstealthy
A: no striking features
a: no special abilities


You were on level 3 of the Dungeon.
You were not hungry.

You visited 1 branch of the dungeon, and saw 3 of its levels.

You collected 92 gold pieces.

Inventory:

Hand weapons
 g - a +1,+0 whip of draining
 k - a +1,+1 dagger of electrocution (weapon)
Armour
 a - a +0 robe (worn)
 b - a +0 hat (worn)
Comestibles
 d - 2 bread rations
 f - an apple
Scrolls
 e - a scroll of enchant weapon II {unknown}
 m - a scroll of magic mapping {unknown}
 n - a scroll of random uselessness {unknown}
 p - a scroll of remove curse {unknown}
 r - a scroll of identify {unknown}
 s - a scroll of immolation {unknown}
Jewellery
 o - an uncursed ring of positive energy {unknown}
Potions
 i - a potion of cure mutation {unknown}
 j - a potion of restore abilities {unknown}
 l - a potion of heal wounds {unknown}
 q - a potion of magic {unknown}
Books
 c - a book of Minor Magic

   Spells                             Type                      Level
   *Magic Dart                        Conjuration                  1
   *Blink                             Translocation                2
   *Call Imp                          Summoning                    2
   *Repel Missiles                    Charms/Air                   2
   Slow                               Hexes                        2
   Conjure Flame                      Conjuration/Fire             3
   Mephitic Cloud                     Conjuration/Poison/Air       3


   Skills:
 + Level 1.1 Fighting
 - Level 2.5 Dodging
 - Level 2.4 Stealth
 + Level 4.6 Spellcasting
 * Level 1.7 Conjurations
 + Level 1.3 Summonings
 * Level 1.2 Translocations
 * Level 0.8 Air Magic


You had 4 spell levels left.
You knew the following spells:

 Your Spells              Type           Power        Failure   Level  Hunger
a - Magic Dart            Conj           ##..         8%          1    None
b - Blink                 Tloc           N/A          12%         2    None
c - Call Imp              Summ           ##......     10%         2    None
d - Repel Missiles        Chrm/Air       #.....       14%         2    None


Dungeon Overview and Level Annotations

Branches:
Dungeon (3/15)

Altars:
Gozag
Vehumet


Message History

You're too confused to cast spells.
The orc wizard mumbles some strange words.
The orc wizard flickers and vanishes!
Something tries to affect you, but you resist.
Your white imp hits something.
Your white imp freezes something.
Something barely misses you.
Your white imp barely misses something.
You hear some strange, mumbled words.
The puff of flame hits you!
* * * LOW HITPOINT WARNING * * *
Your white imp hits something.
Your white imp freezes something.
Something hits you but does no damage. Something hits you.
* * * LOW HITPOINT WARNING * * *
Your white imp barely misses something.
In your confused state, you trip and fall back down the stairs.
* * * LOW HITPOINT WARNING * * *
Something hits you but does no damage. x2
Your white imp hits something but does no damage.
You can't go down here!
Something hits you.
You die...

... #.# .. #.## #..
#.. ..# ##.# ##.#
####..###..# #####
.........#####.@5#
####..#......##)..#
..................#
....#.#......#....#
.#..#.##.....#.####
...##.##...(...#
.####.##.....### .#
#.##.....# ##
#.##.....#


You could see a friendly white imp.

Vanquished Creatures
  2 giant geckos (D:2)
  An ooze (D:1)
  An orc (D:3)
  6 bats
  3 hobgoblins
  2 giant newts (D:2)
  3 goblins (D:1)
  5 kobolds
  3 rats (D:1)
26 creatures vanquished.

Notes
Turn   | Place    | Note
--------------------------------------------------------------
     0 | D:1      | Quh, the Deep Elf Wizard, began the quest for the Orb.
     0 | D:1      | Reached XP level 1. HP: 10/10 MP: 6/6
   337 | D:1      | Reached XP level 2. HP: 13/16 MP: 6/9
   344 | D:1      | Learned a level 2 spell: Blink
   347 | D:1      | Learned a level 2 spell: Call Imp
   350 | D:1      | Learned a level 2 spell: Repel Missiles
   523 | D:1      | Reached skill level 1 in Fighting
  1252 | D:2      | Reached XP level 3. HP: 20/20 MP: 9/12
  1322 | D:2      | Found a radiant altar of Vehumet.
  1675 | D:2      | Found an opulent altar of Gozag.
  2178 | D:3      | HP: 1/20 [fell downstairs (1)]
  2179 | D:3      | Slain by an orc wizard

Action                   || total
-------------------------++-------
Melee: Whip              ||     1
 Cast: Magic Dart        ||    61
       Call Imp          ||     5
